 Dungeon Crawl Stone Soup version 0.31-a0-193-gdfe2569204 (webtiles) character file.

Game seed: 8337705073759677889

43 qw the Shooter (level 3, -2/20 HPs)
             Began as a Deep Elf Hunter on June 24, 2023.
             Slain by a hobgoblin (3 damage)
             ... on level 4 of the Dungeon.
             The game lasted 00:00:21 (994 turns).

qw the Shooter (Deep Elf Hunter)                     Turns: 994, Time: 00:00:21

Health: -2/20      AC:  5    Str: 10    XL:     3   Next: 37%
Magic:  5/5        EV: 11    Int: 13    God:
Gold:   91         SH:  0    Dex: 18    Spells: 2/2 levels left

rFire   . . .        Y - +1 shortbow
rCold   . . .        (shield currently unavailable)
rNeg    . . .        f - +0 ring mail
rPois   .            (no helmet)
rElec   .            (no cloak)
rCorr   .            (no gloves)
SInv    .            (no boots)
Will    .....        (no amulet)
Stlth   +            (no ring)
HPRegen 0.23/turn    (no ring)
MPRegen 0.09/turn

%: no passive effects
@: no status effects
A: no striking features
a: no special abilities


You were on level 4 of the Dungeon.
You visited 1 branch of the dungeon, and saw 3 of its levels.

You collected 91 gold pieces.


   Skills:
 - Level 1.5 Fighting
 + Level 6.9 Ranged Weapons
 - Level 2.4 Dodging
 - Level 1.2 Stealth


You had 2 spell levels left.
You didn't know any spells.
Your spell library was empty.

Inventory:

Hand Weapons
 Y - a +1 shortbow (weapon)
Armour
 f - a +0 ring mail (worn)
Scrolls
 a - a scroll of identify
 b - 2 scrolls of vulnerability {unknown}
 c - a scroll of teleportation {unknown}
Potions
 h - a potion of enlightenment {unknown}
 i - a potion of resistance {unknown}

Dungeon Overview and Level Annotations

Branches:
Dungeon (2/15)

Altars:


Message History

The sleepcap is moderately damaged.
The phantom hits you.
The phantom blinks!
You blink.
Found a blue potion.
You shoot an arrow. The arrow barely misses the phantom.
The phantom hits you.
The phantom blinks!
You blink.
Found 12 gold pieces.
The sleepcap barely misses you.
You shoot an arrow. The arrow hits the sleepcap.
The sleepcap is moderately damaged.
The sleepcap barely misses you.
The phantom hits you but does no damage.
You shoot an arrow. The arrow hits the sleepcap.
The sleepcap is heavily damaged.
The sleepcap releases spores at you. The phantom hits you.
The sleepcap barely misses you.
A hobgoblin comes into view.
The phantom hits you.
The phantom blinks!
You blink.
You shoot an arrow. The arrow closely misses the phantom.
The hobgoblin misses you. The phantom hits you.
The phantom blinks!
You blink.
You shoot an arrow. The arrow hits the sleepcap!
The sleepcap is severely damaged.
The phantom barely misses you.
The sleepcap releases spores at you but does no damage.
You shoot an arrow. The arrow hits the sleepcap.
The sleepcap is severely damaged.
The hobgoblin hits you. The sleepcap closely misses you.
The phantom barely misses you.
You shoot an arrow.
The arrow hits the sleepcap but does no damage.
The sleepcap is severely damaged.
The hobgoblin hits you.
The sleepcap releases spores at you but does no damage.
The phantom completely misses you. The sleepcap closely misses you.
The hobgoblin barely misses you.
The phantom hits you but does no damage.
You shoot an arrow. The arrow hits the sleepcap.
The sleepcap is severely damaged.
The hobgoblin misses you. The phantom hits you! The sleepcap barely misses you.
You shoot an arrow. The arrow hits the sleepcap.
The sleepcap is almost destroyed.
The hobgoblin hits you.
You die...

#$# ## #.# #.
..# #.####.#
##ยค#....#
#.......#
#!.#.##.######
#..Wg...##...#
#!##@f.......#
#. ####.##...#
#.
#.###.####.# #
..# #......#
#### ########


You could see a phantom, a sleepcap and a hobgoblin.

Vanquished Creatures
  An adder (D:2)
  2 dart slugs (D:1)
  3 endoplasms
  3 giant cockroaches (D:1)
  3 goblins (D:1)
  3 hobgoblins
  A quokka (D:2)
  3 ball pythons (D:1)
  2 bats (D:1)
  3 frilled lizards
  2 kobolds (D:1)
  2 rats (D:1)
28 creatures vanquished.

Notes
Turn   | Place    | Note
-------+----------+-------------------------------------------
     0 | D:1      | qw the Deep Elf Hunter began the quest for the Orb.
     0 | D:1      | Reached XP level 1. HP: 12/12 MP: 3/3
     0 | D:1      | 0 ||| qw: Version: 0.3-a-9-g12657ce
     0 | D:1      | 0 ||| qw: Game counter: 4698
     0 | D:1      | 0 ||| qw: Always use a shield: true
     0 | D:1      | 0 ||| qw: God list: Okawaru
     0 | D:1      | 0 ||| qw: Allow faded altars: false
     0 | D:1      | 0 ||| qw: Do Orc after D:15 true
     0 | D:1      | 0 ||| qw: Do second Lair branch before Depths: true
     0 | D:1      | 0 ||| qw: Lair rune preference: random
     0 | D:1      | 0 ||| qw: Plans: Normal
     0 | D:1      | 0 ||| PLANNING D:1-11
   227 | D:1      | Reached skill level 6 in Ranged Weapons
   227 | D:1      | Reached XP level 2. HP: 14/16 MP: 4/4
   227 | D:1      | 227 ||| FLEEEEING.
   756 | D:1      | 756 ||| UPGRADING to +0 ring mail.
   766 | D:1      | 766 ||| DROPPING +0 leather armour.
   767 | D:1      | 767 ||| READING 2 scrolls labelled TESAVE UMIEXY.
   768 | D:1      | 768 ||| READING scroll labelled FUERUQ EXIUSSI.
   769 | D:1      | 769 ||| READING scroll labelled REKLISO LEOK.
   770 | D:1      | 770 ||| DROPPING scroll of butterflies.
   868 | D:2      | Reached XP level 3. HP: 19/20 MP: 5/5
   969 | D:2      | You fall into a shaft and drop 2 floors!
   982 | D:4      | Noticed a phantom
   993 | D:4      | HP: 1/20 [phantom (7)]
   994 | D:4      | Slain by a hobgoblin

Levels and vault maps discovered:
D:1:      moated_graveyard_arrival, layout_basic
D:2:      minmay_alternating_diamond, layout_loops_ring
D:4:      layout_loops_cross, mainiacjoe_overflow_brackets, marbit_many_paths,
          minmay_temple_entry_drinking_statues

Skill      XL: |  1 |
---------------+----+-----
Ranged Weapons | 6 |  6.9
Fighting       | |  1.5
Dodging        | |  2.4
Stealth        | |  1.2

Action                     || total
---------------------------++-------
   Fire: Shortbow          ||    79
    Use: Scroll            ||     3
 Armour: Leather armour    ||     2
         Ring mail         ||     7
  Dodge: Dodged            ||    19

Table legend:
 A = Non-vault XP
 B = Vault XP
 C = Vault XP percentage of total XP
 D = Non-vault monster count
 E = Vault monster count
 F = Vault count percentage of total count
                 A         B        C        D         E       F
            +---------+---------+-------+---------+---------+-------
      Total |      62 |       0 |   0.0 |      28 |       0 |   0.0
            +---------+---------+-------+---------+---------+-------
        D:1 |      39 |       0 |   0.0 |      22 |       0 |   0.0
        D:2 |      23 |       0 |   0.0 |       6 |       0 |   0.0
            +---------+---------+-------+---------+---------+-------
